PAA
SAN BERNARDINO GRASSHOPPERS @ SPRINGFIELD SHOOTERS
08/23/2038
 
TOP OF THE 1ST
San Bernardino Grasshoppers batting - Pitching for Springfield Shooters : LHP Andy Tidwell
Pitching: LHP Andy Tidwell
Batting: RHB Rio Clark 0-0: Foul Ball, location: 2F
0-1: Ball
1-1: Ground out 1-3 (Groundball, 23, EV 83.8 MPH)
Batting: RHB Albert Seals 0-0: Foul Ball, location: 2F
0-1: Ball
1-1: Called Strike
1-2: Foul Ball, location: 2F
1-2: Ball
2-2: Ball
3-2: Ground out 3-1 (Groundball, 34, EV 103.1 MPH)
Batting: LHB José Soriano 0-0: Foul Ball, location: 2F
0-1: Ball
1-1: Ball
2-1: Called Strike
2-2: Ball
3-2: Strikes out swinging
Top of the 1st over - 0 runs, 0 hits, 0 errors, 0 left on base; San Bernardino 0 - Springfield 0
BOTTOM OF THE 1ST
Springfield Shooters batting - Pitching for San Bernardino Grasshoppers : RHP David Flowers
Pitching: RHP David Flowers
Batting: LHB Herman Patton 0-0: Fly out, F8 (Flyball, 89M, EV 91.2 MPH)
Batting: RHB David Milliken 0-0: Called Strike
0-1: Fly out, F7 (Flyball, 7S, EV 90.0 MPH)
Batting: LHB Sean Cox 0-0: Called Strike
0-1: Ball
1-1: Foul Ball, location: 2F
1-2: Ground out 6-3 (Groundball, 6D, EV 82.5 MPH)
Bottom of the 1st over - 0 runs, 0 hits, 0 errors, 0 left on base; San Bernardino 0 - Springfield 0
TOP OF THE 2ND
San Bernardino Grasshoppers batting - Pitching for Springfield Shooters : LHP Andy Tidwell
Batting: RHB Lawrence Stokes 0-0: Ball
1-0: Ball
2-0: Foul Ball, location: 2F
2-1: SINGLE (Line Drive, 78S, EV 93.8 MPH)
Batting: RHB Rod Sarkies 0-0: Called Strike
0-1: Swinging Strike
0-2: Foul Ball, location: 2F
0-2: Ball
Wild Pitch!
Lawrence Stokes to second
1-2: Fly out, F9 (Flyball, 9S, EV 80.6 MPH)
Batting: LHB Travis Towns 0-0: Swinging Strike
0-1: Fly out, F7 (Flyball, 78D, EV 86.9 MPH)
Batting: SHB Eric Thomas 0-0: Fly out, F8 (Line Drive, 8LD, EV 83.8 MPH)
Top of the 2nd over - 0 runs, 1 hit, 0 errors, 1 left on base; San Bernardino 0 - Springfield 0
BOTTOM OF THE 2ND
Springfield Shooters batting - Pitching for San Bernardino Grasshoppers : RHP David Flowers
Batting: RHB Manny Dedo 0-0: Ball
1-0: Ball
2-0: Ball
3-0: Called Strike
3-1: Base on Balls
Batting: RHB Olo Iukekini 0-0: Called Strike
0-1: Fly out, F9 (Flyball, 9LS, EV 91.2 MPH)
Batting: RHB Orlando Samundio 0-0: Foul Ball, location: 2F
0-1: Foul Ball, location: 2F
0-2: Fly out, F3 (Popup, 3SF, EV 77.5 MPH)
Batting: RHB Ricardo Torres 0-0: Ball
1-0: Ball
2-0: Ground out 6-3 (Groundball, 6MS, EV 86.9 MPH)
Bottom of the 2nd over - 0 runs, 0 hits, 0 errors, 1 left on base; San Bernardino 0 - Springfield 0
TOP OF THE 3RD
San Bernardino Grasshoppers batting - Pitching for Springfield Shooters : LHP Andy Tidwell
Batting: RHB Pancho Espinoza 0-0: Foul Ball, location: 2F
0-1: Ball
1-1: Foul Ball, location: 2F
1-2: Foul Ball, location: 2F
1-2: Foul Ball, location: 2F
1-2: Ground out 5-3 (Groundball, 56, EV 85.0 MPH)
Batting: RHB Vitorio Flores 0-0: Ground out 5-3 (Groundball, 56S, EV 65.6 MPH)
Batting: RHB Rio Clark 0-0: Ball
1-0: Ball
2-0: Fly out, F6 (Line Drive, 6, EV 64.4 MPH)
Top of the 3rd over - 0 runs, 0 hits, 0 errors, 0 left on base; San Bernardino 0 - Springfield 0
BOTTOM OF THE 3RD
Springfield Shooters batting - Pitching for San Bernardino Grasshoppers : RHP David Flowers
Batting: RHB Charles Sheffield 0-0: Foul Ball, location: 2F
0-1: Called Strike
0-2: Fly out, F8 (Flyball, 8RD, EV 93.1 MPH)
Batting: RHB Clay Myers 0-0: Ball
1-0: Ball
2-0: Called Strike
2-1: SINGLE (Groundball, 4MD, EV 106.2 MPH)
Batting: LHB Herman Patton 0-0: Ball
1-0: Foul Ball, location: 2F
1-1: Fielders Choice at 2nd, 4-6 (Groundball, 4, EV 85.6 MPH)
Batting: RHB David Milliken 0-0: Called Strike
0-1: Ball
1-1: SINGLE (Line Drive, 6M, EV 95.0 MPH)
Herman Patton to second
Runner from 2nd tries for 3rd, OUT after rundown.
Bottom of the 3rd over - 0 runs, 2 hits, 0 errors, 1 left on base; San Bernardino 0 - Springfield 0
TOP OF THE 4TH
San Bernardino Grasshoppers batting - Pitching for Springfield Shooters : LHP Andy Tidwell
Batting: RHB Albert Seals 0-0: Ball
1-0: Foul Ball, location: 2F
1-1: Fly out, F9 (Line Drive, 9D, EV 85.0 MPH)
Batting: LHB José Soriano 0-0: Ball
1-0: Ball
2-0: Swinging Strike
2-1: Foul Ball, location: 2F
2-2: Strikes out swinging
Batting: RHB Lawrence Stokes 0-0: Ball
1-0: Foul Ball, location: 2F
1-1: Ball
2-1: Foul Ball, location: 2F
2-2: Ball
3-2: Ground out 6-3 (Groundball, 6, EV 88.1 MPH)
Top of the 4th over - 0 runs, 0 hits, 0 errors, 0 left on base; San Bernardino 0 - Springfield 0
BOTTOM OF THE 4TH
Springfield Shooters batting - Pitching for San Bernardino Grasshoppers : RHP David Flowers
Batting: LHB Sean Cox 0-0: Ball
1-0: SINGLE (Flyball, 89S, EV 85.0 MPH) - OUT at second base trying to stretch hit.
Batting: RHB Manny Dedo 0-0: Called Strike
0-1: Ball
1-1: SINGLE (Groundball, 6MD, EV 99.4 MPH)
Batting: RHB Olo Iukekini 0-0: Fly out, F9 (Flyball, 9, EV 95.6 MPH)
Batting: RHB Orlando Samundio 0-0: Ball
1-0: Fielders Choice at 2nd, 5-4 (Groundball, 56, EV 88.1 MPH)
Bottom of the 4th over - 0 runs, 2 hits, 0 errors, 1 left on base; San Bernardino 0 - Springfield 0
TOP OF THE 5TH
San Bernardino Grasshoppers batting - Pitching for Springfield Shooters : LHP Andy Tidwell
Batting: RHB Rod Sarkies 0-0: Foul Ball, location: 2F
0-1: Ball
1-1: Foul Ball, location: 2F
1-2: Ball
2-2: Strikes out swinging
Batting: LHB Travis Towns 0-0: Called Strike
0-1: Called Strike
0-2: Ground out 6-3 (Groundball, 6, EV 83.8 MPH)
Batting: SHB Eric Thomas 0-0: Called Strike
0-1: Called Strike
0-2: Ball
1-2: Ground out 5-3 (Groundball, 56, EV 77.5 MPH)
Top of the 5th over - 0 runs, 0 hits, 0 errors, 0 left on base; San Bernardino 0 - Springfield 0
BOTTOM OF THE 5TH
Springfield Shooters batting - Pitching for San Bernardino Grasshoppers : RHP David Flowers
Batting: RHB Ricardo Torres 0-0: SINGLE (Groundball, 6D, EV 94.4 MPH)
Batting: RHB Charles Sheffield 0-0: Sac Bunt to 15S - play at first, batter OUT! 1-3
Ricardo Torres to second
Batting: RHB Clay Myers 0-0: SINGLE (Groundball, 56D, EV 95.0 MPH)
Ricardo Torres to third
Runner from 3rd tries for Home, throw by LF and OUT! 7-2
Batting: LHB Herman Patton 0-0: Called Strike
0-1: Ball
1-1: Called Strike
Clay Myers is caught stealing 2nd base 2-6
Bottom of the 5th over - 0 runs, 2 hits, 0 errors, 0 left on base; San Bernardino 0 - Springfield 0
TOP OF THE 6TH
San Bernardino Grasshoppers batting - Pitching for Springfield Shooters : LHP Andy Tidwell
Batting: RHB Pancho Espinoza 0-0: Ball
1-0: Foul Ball, location: 2F
1-1: Ball
2-1: Foul Ball, location: 2F
2-2: Strikes out swinging, 2-3 out at first.
Batting: RHB Vitorio Flores 0-0: Called Strike
0-1: Ball
1-1: SINGLE (Groundball, 34D, EV 97.5 MPH)
Batting: RHB Rio Clark 0-0: Called Strike
0-1: SINGLE (Groundball, 56, EV 109.4 MPH) (infield hit)
Vitorio Flores to second
Batting: RHB Albert Seals 0-0: Ball
1-0: Fielders Choice at 2nd, 4-6 (Groundball, 4M, EV 79.4 MPH)
Vitorio Flores to third
Batting: LHB José Soriano 0-0: Called Strike
0-1: Foul Ball, location: 2F
0-2: Ball
1-2: Ball
2-2: Fly out, F8 (Flyball, 8LS, EV 74.4 MPH)
Top of the 6th over - 0 runs, 2 hits, 0 errors, 2 left on base; San Bernardino 0 - Springfield 0
BOTTOM OF THE 6TH
Springfield Shooters batting - Pitching for San Bernardino Grasshoppers : RHP David Flowers
Batting: LHB Herman Patton 0-0: Ball
1-0: Ball
2-0: Ball
3-0: Base on Balls
Batting: RHB David Milliken 0-0: Foul Ball, location: 2F
0-1: Ball
1-1: Ball
2-1: Foul Ball, location: 2F
2-2: Ball
3-2: Fly out, F8 (Flyball, 8RD, EV 95.6 MPH)
Batting: LHB Sean Cox 0-0: Foul Ball, location: 2F
0-1: Swinging Strike
0-2: Foul Ball, location: 2F
0-2: Foul Ball, location: 2F
0-2: Foul Ball, location: 2F
0-2: Ball
Herman Patton is caught stealing 2nd base 2-6
1-2: Ground out 6-3 (Groundball, 6, EV 108.1 MPH)
Bottom of the 6th over - 0 runs, 0 hits, 0 errors, 0 left on base; San Bernardino 0 - Springfield 0
TOP OF THE 7TH
San Bernardino Grasshoppers batting - Pitching for Springfield Shooters : LHP Andy Tidwell
Batting: RHB Lawrence Stokes 0-0: Fly out, F9 (Line Drive, 9D, EV 85.6 MPH)
Batting: RHB Rod Sarkies 0-0: Ball
1-0: Called Strike
1-1: Ball
2-1: Foul Ball, location: 2F
2-2: Ball
3-2: Strikes out swinging
Batting: LHB Travis Towns 0-0: Ball
1-0: Foul Ball, location: 2F
1-1: Ball
2-1: Foul Ball, location: 2F
2-2: Ball
3-2: Base on Balls
Pitching: RHP César González
Batting: SHB Eric Thomas 0-0: Ball
1-0: Ball
2-0: Ball
3-0: Called Strike
3-1: Base on Balls
Travis Towns to second
Batting: RHB Pancho Espinoza 0-0: Ball
1-0: Ground out 4-3 (Groundball, 4, EV 89.4 MPH)
Top of the 7th over - 0 runs, 0 hits, 0 errors, 2 left on base; San Bernardino 0 - Springfield 0
BOTTOM OF THE 7TH
Springfield Shooters batting - Pitching for San Bernardino Grasshoppers : RHP David Flowers
Batting: RHB Manny Dedo 0-0: Ground out 4-3 (Groundball, 4, EV 107.5 MPH)
Batting: RHB Olo Iukekini 0-0: Swinging Strike
0-1: Ball
1-1: Called Strike
1-2: Foul Ball, location: 2F
1-2: Strikes out swinging
Batting: RHB Orlando Samundio 0-0: Ball
1-0: Foul Ball, location: 2F
1-1: Fly out, F8 (Flyball, 8RD, EV 89.4 MPH)
Bottom of the 7th over - 0 runs, 0 hits, 0 errors, 0 left on base; San Bernardino 0 - Springfield 0
TOP OF THE 8TH
San Bernardino Grasshoppers batting - Pitching for Springfield Shooters : RHP César González
Batting: RHB Vitorio Flores 0-0: Ball
1-0: Fly out, F8 (Flyball, 8LS, EV 90.0 MPH)
Batting: RHB Rio Clark 0-0: Ball
1-0: Foul Ball, location: 2F
1-1: Ball
2-1: Foul Ball, location: 2F
2-2: SINGLE (Line Drive, 9S, EV 90.0 MPH)
Batting: RHB Albert Seals 0-0: Ball
1-0: Swinging Strike
1-1: Ball
2-1: Ball
3-1: Swinging Strike
3-2: Base on Balls
Rio Clark to second
Batting: LHB José Soriano 0-0: Ball
1-0: Called Strike
1-1: 3-RUN HOME RUN (Flyball, 78XD, EV 98.8 MPH), Distance : 389 ft
Pitching: RHP Tom Peña
Batting: RHB Lawrence Stokes 0-0: Ball
1-0: Ball
2-0: Called Strike
2-1: Foul Ball, location: 2F
2-2: SINGLE (Groundball, 34D, EV 100.6 MPH)
Batting: RHB Rod Sarkies 0-0: Foul Ball, location: 2F
0-1: SINGLE (Groundball, 34, EV 95.0 MPH)
Lawrence Stokes to second
Runner from 2nd tries for 3rd, SAFE, throw by RF made to third
Batting: LHB Travis Towns 0-0: SINGLE (Line Drive, 34D, EV 98.8 MPH)
Lawrence Stokes scores
Rod Sarkies to second
Runner from 2nd tries for 3rd, SAFE, no throw by RF
Batting: SHB Eric Thomas 0-0: Ball
Travis Towns is caught stealing 2nd base 2-6
1-0: Called Strike
1-1: Ball
2-1: Swinging Strike
2-2: SINGLE (Groundball, 34, EV 99.4 MPH)
Rod Sarkies scores
Batting: RHB Pancho Espinoza 0-0: Fly out, F6 (Popup, 6S, EV 83.8 MPH)
Top of the 8th over - 5 runs, 6 hits, 0 errors, 1 left on base; San Bernardino 5 - Springfield 0
BOTTOM OF THE 8TH
Springfield Shooters batting - Pitching for San Bernardino Grasshoppers : RHP David Flowers
Batting: RHB Ricardo Torres 0-0: Ball
1-0: Ground out 5-3 (Groundball, 56, EV 99.4 MPH)
Batting: RHB Charles Sheffield 0-0: Ground out 5-3 (Groundball, 5, EV 104.4 MPH)
Batting: RHB Clay Myers 0-0: Foul Ball, location: 2F
0-1: Ball
1-1: Fly out, F8 (Flyball, 8RS, EV 95.6 MPH)
Bottom of the 8th over - 0 runs, 0 hits, 0 errors, 0 left on base; San Bernardino 5 - Springfield 0
TOP OF THE 9TH
San Bernardino Grasshoppers batting - Pitching for Springfield Shooters : RHP Tom Peña
Batting: RHB Vitorio Flores 0-0: Swinging Strike
0-1: Swinging Strike
0-2: Ball
1-2: SINGLE (Groundball, 56D, EV 101.2 MPH)
Batting: RHB Rio Clark 0-0: Ball
1-0: Called Strike
1-1: Ball
2-1: Called Strike
2-2: Ball
3-2: Base on Balls
Vitorio Flores to second
Batting: RHB Albert Seals 0-0: Ball
1-0: Swinging Strike
1-1: Foul Ball, location: 2F
1-2: Strikes out looking
Pitching: RHP Aletona Kylie
Batting: LHB José Soriano 0-0: Foul Ball, location: 2F
0-1: Called Strike
0-2: Ball
1-2: Ball
2-2: Foul Ball, location: 2F
2-2: Ball
3-2: Foul Ball, location: 2F
3-2: Base on Balls
Vitorio Flores to third
Rio Clark to second
Batting: RHB Lawrence Stokes 0-0: SINGLE (Groundball, 56D, EV 101.2 MPH)
Vitorio Flores scores
Rio Clark to third
José Soriano to second
Batting: RHB Rod Sarkies 0-0: Ball
1-0: Ball
2-0: Foul Ball, location: 2F
2-1: Ball
3-1: Base on Balls
Rio Clark scores
José Soriano to third
Lawrence Stokes to second
Batting: LHB Travis Towns 0-0: Ball
1-0: Ball
2-0: Called Strike
2-1: Ball
3-1: Foul Ball, location: 2F
3-2: Strikes out swinging
Batting: SHB Eric Thomas 0-0: Ball
1-0: Ball
2-0: Ball
3-0: Called Strike
3-1: Called Strike
3-2: Ground out 4-3 (Groundball, 4, EV 90.0 MPH)
Top of the 9th over - 2 runs, 2 hits, 0 errors, 3 left on base; San Bernardino 7 - Springfield 0
BOTTOM OF THE 9TH
Springfield Shooters batting - Pitching for San Bernardino Grasshoppers : RHP David Flowers
Pinch Hitting: LHB Klaas Westerduin 0-0: Called Strike
0-1: Called Strike
0-2: Ball
1-2: Fly out, F6 (Line Drive, 6, EV 65.0 MPH)
Batting: RHB David Milliken 0-0: Fly out, F8 (Flyball, 78D, EV 90.0 MPH)
Batting: LHB Sean Cox 0-0: Reached on error, E3 (Groundball, 3, EV 88.8 MPH)
Pinch Hitting: RHB Pedro Cortéz 0-0: Ball
1-0: Ball
2-0: Swinging Strike
2-1: Ball
3-1: Fly out, F9 (Flyball, 89D, EV 86.9 MPH)
Bottom of the 9th over - 0 runs, 0 hits, 1 error, 1 left on base; San Bernardino 7 - Springfield 0
Friday, April 17th, 2020 - OOTP Baseball 20.8 Build 74